 Dungeon Crawl Stone Soup version 0.30-a0-870-gc5d4c5acee (webtiles) character file.

Game seed: 3934709678860647779

160 jimonade the Magician (level 5, -1/38 HPs)
             Began as a Djinni Warper on Mar 11, 2023.
             Killed by their own static electricity (2 damage)
             ... on level 4 of the Dungeon.
             The game lasted 00:06:22 (3402 turns).

jimonade the Magician (Djinni Warper)               Turns: 3402, Time: 00:06:23

Health: -1/38      AC:  5    Str: 12    XL:     5   Next: 69%
Gold:   262        EV: 10    Int: 15    God:
                   SH:  0    Dex: 12

rFire   + + .      SeeInvis .    b - +0 morningstar
rCold   x . .      Faith    .    (no shield)
rNeg    . . .      Spirit   .    o - +0 ring mail
rPois   ∞          Reflect  .    (no helmet)
rElec   .          Rampage  .    (no cloak)
rCorr   .                        (no gloves)
Will    .....                    (boots unavailable)
Stlth   +                        (no amulet)
HPRegen 0.26/turn                (no ring)
MPRegen 0.00/turn                (no ring)

@: flying
A: sickness immunity, fire resistance 2, cold vulnerability 1, float, innate
caster, HP casting, extra vitality 1
a: no special abilities


You were on level 4 of the Dungeon.
You visited 1 branch of the dungeon, and saw 4 of its levels.

You collected 262 gold pieces.

Inventory:

Hand Weapons
 a - a +1 dagger of holy wrath
 b - a +0 morningstar (weapon)
 e - a +0 whip
 j - a +0 spear
 n - a +0 mace
Missiles
 d - 12 boomerangs of dispersal
 x - a throwing net
 z - 4 boomerangs
Armour
 o - a +0 ring mail (worn)
 t - a +0 leather armour
 v - a +0 plate armour
 w - a +0 chain mail
Jewellery
 r - a ring of fire
Scrolls
 c - a scroll of blinking
 g - a scroll of magic mapping {unknown}
 h - a scroll of identify {unknown}
 q - 3 scrolls of enchant armour {unknown}
 s - a scroll of teleportation {unknown}
Potions
 f - 2 potions of attraction {unknown}
 i - a potion of ambrosia {unknown}
 k - a potion of flight {unknown}
 l - 2 potions of degeneration {unknown}
 m - a potion of might {unknown}
 p - 2 potions of haste {unknown}
 u - a potion of curing {unknown}


   Skills:
 - Level 2.0 Fighting
 - Level 1.5 Polearms
 - Level 0.7 Throwing
 - Level 1.0 Armour
 - Level 2.1 Dodging
 + Level 4.6 Spellcasting


You knew the following spells:

 Your Spells              Type           Power      Damage    Failure   Level
a - Blink                 Tloc           34%        N/A       9%          2
b - Lesser Beckoning      Tloc           34%        N/A       9%          2
c - Vhi's Electric Charg  Tloc/Air       34%        N/A       17%         3
d - Teleport Other        Tloc           17%        N/A       17%         3
e - Manifold Assault      Tloc           17%        N/A       50%         4
f - Beastly Appendage     Tmut           34%        N/A       6%          1
g - Static Discharge      Conj/Air       34%        2-4/arc   9%          2
Your spell library was empty.

Dungeon Overview and Level Annotations

Branches:
Dungeon (4/15)
 Temple: D:4-7

Altars:
Yredelemnul

Shops:
D:3 =

Annotations:
D:4 Grinder


Innate Abilities, Weirdness & Mutations

You are immune to sickness and miasma.
You are immune to poison.
Your flesh is very heat resistant. (rF++)
You are vulnerable to cold. (rC-)
You float through the air rather than walking.
You learn spells naturally, not from books.
Your magical power is your life essence.
You have superior vitality. (+4 MHP)


Message History

You barely miss the black bear.
You punch the black bear, but do no damage.
The black bear bites you. The black bear claws you. x2
The black bear is struck by an arc of lightning.
The black bear is lightly wounded.
You are struck by an arc of lightning.
The black bear is struck by an arc of lightning.
The black bear is moderately wounded.
The lightning grounds out.
The black bear closely misses you.
The black bear claws you but does no damage. x2
The black bear is struck by an arc of lightning.
The black bear is heavily wounded.
You are struck by an arc of lightning.
The black bear is struck by an arc of lightning.
The black bear is heavily wounded.
The lightning grounds out.
The black bear barely misses you. The black bear claws you.
The black bear claws you but does no damage.
You are too injured to fight recklessly!
Casting: Static Discharge (safe; 9% risk of failure)
Press: ? - help, Q - select action, (/) - cycle Dir - look around, f - activate The black bear is struck by an arc of lightning.
The black bear is severely wounded.
You are struck by an arc of lightning.
The black bear is struck by an arc of lightning.
The black bear is severely wounded.
You are struck by an arc of lightning.
* * * LOW HITPOINT WARNING * * *
The lightning grounds out.
* * * LOW HITPOINT WARNING * * *
The black bear bites you!
* * * LOW HITPOINT WARNING * * *
The black bear barely misses you.
The black bear claws you but does no damage.
Casting: Static Discharge (safe; 9% risk of failure)
Press: ? - help, Q - select action, (/) - cycle Dir - look around, f - activate The black bear is struck by an arc of lightning.
The black bear is almost dead.
You are struck by an arc of lightning.
You die...

#...#.#########
##>.....h.....#
############.#
#(# #(# #(# #.#
#h# #@# #.# #.#
#.# #.# #.# #.#
#.# #<#


You could see a black bear.

Vanquished Creatures
  2 orc wizards
  4 adders
  2 worms
  A dart slug (D:1)
  7 orcs
  5 bats
  An endoplasm (D:1)
  8 giant cockroaches
  6 goblins
  5 hobgoblins
  4 jackals (D:2)
  A ball python (D:3)
  A frilled lizard (D:1)
  7 kobolds
  4 rats
58 creatures vanquished.

Vanquished Creatures (others)
  4 plants (D:2)
4 creatures vanquished.

Grand Total: 62 creatures vanquished

Notes
Turn   | Place    | Note
-------+----------+-------------------------------------------
     0 | D:1      | jimonade the Djinni Warper began the quest for the Orb.
     0 | D:1      | jimonade set off with the following spells memorised:
                  | Blink, Lesser Beckoning, Vhi's Electric Charge, Teleport
                  | Other, Manifold Assault.
     0 | D:1      | Reached XP level 1. HP: 18/18 MP: 0/0
    69 | D:1      | Reached XP level 2. HP: 23/23 MP: 0/0
   212 | D:1      | Reached skill level 3 in Spellcasting
   490 | D:1      | Reached XP level 3. HP: 25/28 MP: 0/0
   490 | D:1      | Learned a level 1 spell: Beastly Appendage
  1108 | D:2      | Reached XP level 4. HP: 32/33 MP: 0/0
  1930 | D:3      | Reached skill level 4 in Spellcasting
  2090 | D:2      | Reached XP level 5. HP: 35/38 MP: 0/0
  2090 | D:2      | Learned a level 2 spell: Static Discharge
  2617 | D:3      | Found a basalt altar of Yredelemnul.
  2807 | D:3      | Found Rizugro's Jewellery Shoppe.
  3035 | D:4      | Noticed Grinder
  3061 | D:4      | Paralysed by Grinder for 3 turns
  3374 | D:4      | Noticed a black bear
  3402 | D:4      | Killed from afar by themself

Illustrated notes

Levels and vault maps discovered:
D:1:      dpeg_arrival_prison, layout_loops_cross
D:2:      layout_basic, serial_forest, infiniplex_forest_clump_double,
          infiniplex_forest_clump_double, infiniplex_forest_lined_ring,
          infiniplex_forest_end_1, infiniplex_forest_lined_corner,
          infiniplex_forest_join, infiniplex_forest_zigzag_1,
          infiniplex_forest_lined_corner, minmay_misc_feat_hallway,
          mrwooster_statue_mirror
D:3:      layout_rooms, general_overflow_altar, serial_shops,
          nicolae_shop_window_shopping, kennysheep_pointless_box, minmay_unequal
D:4:      nicolae_cairo_tiling_large, layout_basic, uniq_grinder

Skill      XL: |  1  2  3  4 |
---------------+-------------+-----
Spellcasting   | 3 4 |  4.6
Fighting       | |  2.0
Polearms       | |  1.5
Throwing       | |  0.7
Armour         | |  1.0
Dodging        | |  2.1

Action                     |  1- 3 |  4- 6 || total
---------------------------+-------+-------++-------
  Melee: Spear             |    58 |       ||    58
         Dagger            |    55 |   103 ||   158
         Punch             |     1 |     2 ||     3
         Headbutt          |     5 |    16 ||    21
         Morningstar       |       |    47 ||    47
  Throw: Dart              |       |     3 ||     3
   Cast: Beastly Appendage |     5 |    11 ||    16
         Static Discharge  |       |    10 ||    10
 Armour: Leather armour    |    30 |       ||    30
         Ring mail         |     1 |    68 ||    69
  Dodge: Dodged            |    53 |   102 ||   155

Table legend: (Time is in decaauts)
 A = Elapsed time spent in this place.
 B = Non-inter-level travel time spent in this place.
 C = Inter-level travel time spent in this place.
 D = Time resting spent in this place.
 E = Time spent auto-exploring this place.
 F = Levels seen in this place.
 G = Mean time per level.
                   A        B        C        D        E       F      G
               +--------+--------+--------+--------+--------+-----+--------+
         Total |   3430 |   3320 |    110 |    597 |   1901 |   4 |  857.5 |
       Dungeon |   3430 |   3320 |    110 |    597 |   1901 |   4 |  857.5 |
               +--------+--------+--------+--------+--------+-----+--------+

Top non-repeatable levels by time:
     D:2: 1328 daAuts
     D:3: 1024 daAuts
     D:1: 827 daAuts
     D:4: 249 daAuts
